TOP OF THE 1ST |
Cocoa Flyers batting - Pitching for Tampa Pirates : RHP Derek Botelho
|
Pitching: RHP Derek Botelho
|
|
Batting: RHB Danny Arroyo
|
0-0: Foul Ball, location: 2F 0-1: Ball 1-1: Ground out 5-3 (Groundball, 56, EV 90.0 MPH)
|
Batting: LHB Gary Robertson
|
0-0: Ball 1-0: Called Strike 1-1: Ground out U3 (Groundball, 34, EV 88.1 MPH)
|
Batting: LHB Mike Jones
|
0-0: Called Strike 0-1: Ball 1-1: Swinging Strike 1-2: Foul Ball, location: 2F 1-2: DOUBLE (Line Drive, 7LM, EV 98.1 MPH)
|
Batting: RHB Larry McNutt
|
0-0: Ball 1-0: Ball 2-0: Foul Ball, location: 2F 2-1: Ground out 3-1 (Groundball, 34, EV 101.9 MPH)
|
Top of the 1st over - 0 runs, 1 hit, 0 errors, 1 left on base; Cocoa 0 - Tampa 0 |
BOTTOM OF THE 1ST |
Tampa Pirates batting - Pitching for Cocoa Flyers : RHP Jose Ortiz
|
Pitching: RHP Jose Ortiz
|
|
Batting: RHB Erwin Bryant
|
0-0: Ball 1-0: Called Strike 1-1: Ground out 6-3 (Groundball, 6, EV 80.0 MPH)
|
Batting: RHB Ricky Jones
|
0-0: Ball 1-0: Foul Ball, location: 2F 1-1: Ground out 1-3 (Groundball, 15, EV 66.9 MPH)
|
Batting: LHB Pedro Nunez
|
0-0: Ball 1-0: Called Strike 1-1: Fly out, F8 (Flyball, 8LM, EV 90.0 MPH)
|
Bottom of the 1st over - 0 runs, 0 hits, 0 errors, 0 left on base; Cocoa 0 - Tampa 0 |
TOP OF THE 2ND |
Cocoa Flyers batting - Pitching for Tampa Pirates : RHP Derek Botelho
|
Batting: RHB Lorenzo Quintanilla
|
0-0: Foul Ball, location: 2F 0-1: Ball 1-1: Ball 2-1: SINGLE (Line Drive, 89S, EV 90.0 MPH)
|
Batting: RHB Charles Fick
|
0-0: Called Strike 0-1: Fly out, F5 (Popup, 5SF, EV 78.8 MPH)
|
Batting: RHB Jorge Diaz
|
0-0: Ball 1-0: Called Strike Lorenzo Quintanilla is caught stealing 2nd base 2-4 1-1: Foul Ball, location: 2F 1-2: Ball 2-2: Ball 3-2: Foul Ball, location: 2F 3-2: Base on Balls
|
Batting: RHB Miguel Dominguez
|
0-0: Ball 1-0: Ball 2-0: Ball 3-0: Called Strike 3-1: Base on Balls Jorge Diaz to second
|
Batting: RHB Rhett Whisman
|
0-0: Fielders Choice at 2nd, 5-4 (Groundball, 56, EV 78.1 MPH)
|
Top of the 2nd over - 0 runs, 1 hit, 0 errors, 2 left on base; Cocoa 0 - Tampa 0 |
BOTTOM OF THE 2ND |
Tampa Pirates batting - Pitching for Cocoa Flyers : RHP Jose Ortiz
|
Batting: LHB David Frederick
|
0-0: Ball 1-0: Ball 2-0: Ground out 5-3 (Groundball, 15, EV 90.0 MPH)
|
Batting: RHB Cliff Pastornicky
|
0-0: Fly out, F8 (Flyball, 8LD, EV 95.0 MPH)
|
Batting: LHB Alfredo Rodriguez
|
0-0: Called Strike 0-1: Ball 1-1: Called Strike 1-2: Fly out, F7 (Flyball, 78D, EV 101.9 MPH)
|
Bottom of the 2nd over - 0 runs, 0 hits, 0 errors, 0 left on base; Cocoa 0 - Tampa 0 |
TOP OF THE 3RD |
Cocoa Flyers batting - Pitching for Tampa Pirates : RHP Derek Botelho
|
Batting: RHB Danny Arroyo
|
0-0: Swinging Strike 0-1: Swinging Strike 0-2: Ball 1-2: Strikes out swinging
|
Batting: LHB Gary Robertson
|
0-0: Ball 1-0: Called Strike 1-1: Ball 2-1: DOUBLE (Line Drive, 7LS, EV 107.5 MPH)
|
Batting: LHB Mike Jones
|
0-0: Called Strike 0-1: DOUBLE (Line Drive, 5D, EV 95.0 MPH) Gary Robertson scores
|
Batting: RHB Larry McNutt
|
0-0: Foul Ball, location: 2F 0-1: Ball 1-1: Swinging Strike 1-2: Ball 2-2: Foul Ball, location: 2F 2-2: Strikes out looking
|
Batting: RHB Lorenzo Quintanilla
|
0-0: Ball 1-0: Ball 2-0: Ground out 4-3 (Groundball, 4MS, EV 91.9 MPH)
|
Top of the 3rd over - 1 run, 2 hits, 0 errors, 1 left on base; Cocoa 1 - Tampa 0 |
BOTTOM OF THE 3RD |
Tampa Pirates batting - Pitching for Cocoa Flyers : RHP Jose Ortiz
|
Batting: RHB Dale Eiler
|
0-0: Called Strike 0-1: Fly out, F9 (Flyball, 89D, EV 92.5 MPH)
|
Batting: RHB Roy Dixon
|
0-0: Ball 1-0: Ball 2-0: Called Strike 2-1: Called Strike 2-2: Strikes out swinging
|
Batting: LHB Charles Rouse
|
0-0: Ball 1-0: Ball 2-0: Called Strike 2-1: Foul Ball, location: 2F 2-2: Ball 3-2: Strikes out swinging
|
Bottom of the 3rd over - 0 runs, 0 hits, 0 errors, 0 left on base; Cocoa 1 - Tampa 0 |
TOP OF THE 4TH |
Cocoa Flyers batting - Pitching for Tampa Pirates : RHP Derek Botelho
|
Batting: RHB Charles Fick
|
0-0: Called Strike 0-1: Ground out 6-3 (Groundball, 6, EV 90.0 MPH)
|
Batting: RHB Jorge Diaz
|
0-0: Called Strike 0-1: Swinging Strike 0-2: Foul Ball, location: 2F 0-2: Strikes out swinging
|
Batting: RHB Miguel Dominguez
|
0-0: Swinging Strike 0-1: Ball 1-1: Foul Ball, location: 2F 1-2: Ball 2-2: Foul Ball, location: 2F 2-2: Ground out 5-3 (Groundball, 56S, EV 68.1 MPH)
|
Top of the 4th over - 0 runs, 0 hits, 0 errors, 0 left on base; Cocoa 1 - Tampa 0 |
BOTTOM OF THE 4TH |
Tampa Pirates batting - Pitching for Cocoa Flyers : RHP Jose Ortiz
|
Batting: RHB Erwin Bryant
|
0-0: Fly out, F6 (Flyball, 6MD, EV 86.3 MPH)
|
Batting: RHB Ricky Jones
|
0-0: Ball 1-0: Ball 2-0: SINGLE (Line Drive, 6MD, EV 98.1 MPH)
|
Batting: LHB Pedro Nunez
|
0-0: Ball Ricky Jones steals 2nd base 1-0: Called Strike 1-1: Swinging Strike 1-2: Ball 2-2: Ball 3-2: Foul Ball, location: 2F 3-2: Base on Balls
|
Batting: LHB David Frederick
|
0-0: Ball 1-0: Ball 2-0: Foul Ball, location: 2F 2-1: Foul Ball, location: 2F 2-2: Strikes out swinging
|
Batting: RHB Cliff Pastornicky
|
0-0: Ball 1-0: Ground out 1-3 (Groundball, 34S, EV 61.9 MPH)
|
Bottom of the 4th over - 0 runs, 1 hit, 0 errors, 2 left on base; Cocoa 1 - Tampa 0 |
TOP OF THE 5TH |
Cocoa Flyers batting - Pitching for Tampa Pirates : RHP Derek Botelho
|
Batting: RHB Rhett Whisman
|
0-0: Ball 1-0: Called Strike 1-1: Called Strike 1-2: Ground out 4-3 (Groundball, 4, EV 87.5 MPH)
|
Batting: RHB Danny Arroyo
|
0-0: Ball 1-0: Ball 2-0: Ground out 5-3 (Groundball, 5, EV 107.5 MPH)
|
Batting: LHB Gary Robertson
|
0-0: Called Strike 0-1: Ball 1-1: Ball 2-1: Ball 3-1: Base on Balls
|
Batting: LHB Mike Jones
|
0-0: Ball 1-0: Ball 2-0: Ball 3-0: Called Strike 3-1: Base on Balls Gary Robertson to second
|
Batting: RHB Larry McNutt
|
0-0: Ground out 3-1 (Groundball, 34S, EV 83.8 MPH)
|
Top of the 5th over - 0 runs, 0 hits, 0 errors, 2 left on base; Cocoa 1 - Tampa 0 |
BOTTOM OF THE 5TH |
Tampa Pirates batting - Pitching for Cocoa Flyers : RHP Jose Ortiz
|
Batting: LHB Alfredo Rodriguez
|
0-0: Ball 1-0: Swinging Strike 1-1: Ball 2-1: Ball 3-1: Called Strike 3-2: Foul Ball, location: 2F 3-2: Base on Balls
|
Batting: RHB Dale Eiler
|
0-0: Ball Alfredo Rodriguez steals 2nd base 1-0: Swinging Strike 1-1: Ball 2-1: Ball 3-1: Foul Ball, location: 2F 3-2: Foul Ball, location: 2F 3-2: Foul Ball, location: 2F 3-2: Base on Balls
|
Batting: RHB Roy Dixon
|
0-0: Bunted foul 0-1: Bunt missed! 0-2: Ball 1-2: SINGLE (Groundball, 56S, EV 65.0 MPH) (infield hit) Alfredo Rodriguez to third Dale Eiler to second
|
Batting: LHB Charles Rouse
|
0-0: Ball 1-0: SINGLE (Groundball, 4D, EV 102.5 MPH) Alfredo Rodriguez scores Dale Eiler to third Roy Dixon to second
|
Batting: RHB Erwin Bryant
|
0-0: Ball 1-0: Ball 2-0: Ball 3-0: Called Strike 3-1: Base on Balls Dale Eiler scores Roy Dixon to third Charles Rouse to second
|
Batting: RHB Ricky Jones
|
0-0: Fly out, F9 (Flyball, 89D, EV 98.8 MPH) Runner from 3rd tags up, SCORES, throw by RF Charles Rouse to third
|
Batting: LHB Pedro Nunez
|
0-0: Fly out, F9 (Line Drive, 9D, EV 96.9 MPH) Runner from 3rd tags up, SCORES, no throw by RF
|
Batting: LHB David Frederick
|
0-0: Ground out 5-3 (Groundball, 15, EV 84.4 MPH)
|
Bottom of the 5th over - 4 runs, 2 hits, 0 errors, 1 left on base; Cocoa 1 - Tampa 4 |
TOP OF THE 6TH |
Cocoa Flyers batting - Pitching for Tampa Pirates : RHP Derek Botelho
|
Batting: RHB Lorenzo Quintanilla
|
0-0: Ball 1-0: Swinging Strike 1-1: SINGLE (Groundball, 6D, EV 101.9 MPH)
|
Batting: RHB Charles Fick
|
0-0: Ball 1-0: Ball 2-0: Called Strike 2-1: Bunt missed! 2-2: Fielders Choice at 2nd, 6-4 (Groundball, 6, EV 79.4 MPH)
|
Batting: RHB Jorge Diaz
|
0-0: Ball 1-0: Ball 2-0: SINGLE (Groundball, 6M, EV 108.1 MPH) (infield hit) Charles Fick to second
|
Batting: RHB Miguel Dominguez
|
0-0: Called Strike 0-1: Ball 1-1: Ball 2-1: Fly out, F8 (Flyball, 78D, EV 83.8 MPH)
|
Batting: RHB Rhett Whisman
|
0-0: Ball 1-0: Called Strike 1-1: Ball 2-1: Fly out, F8 (Flyball, 8LD, EV 79.4 MPH)
|
Top of the 6th over - 0 runs, 2 hits, 0 errors, 2 left on base; Cocoa 1 - Tampa 4 |
BOTTOM OF THE 6TH |
Tampa Pirates batting - Pitching for Cocoa Flyers : RHP Jose Ortiz
|
Batting: RHB Cliff Pastornicky
|
0-0: Called Strike 0-1: Ground out 6-3 (Groundball, 6, EV 88.1 MPH)
|
Batting: LHB Alfredo Rodriguez
|
0-0: Called Strike 0-1: Ball 1-1: Ball 2-1: Swinging Strike 2-2: Ground out U3 (Groundball, 3, EV 78.1 MPH)
|
Batting: RHB Dale Eiler
|
0-0: Called Strike 0-1: Ball 1-1: Ground out 3-1 (Groundball, 34S, EV 83.1 MPH)
|
Bottom of the 6th over - 0 runs, 0 hits, 0 errors, 0 left on base; Cocoa 1 - Tampa 4 |
TOP OF THE 7TH |
Cocoa Flyers batting - Pitching for Tampa Pirates : RHP Derek Botelho
|
Batting: RHB Danny Arroyo
|
0-0: Called Strike 0-1: Called Strike 0-2: Ball 1-2: SINGLE (Groundball, 6, EV 96.3 MPH)
|
Batting: LHB Gary Robertson
|
0-0: Hit by Pitch Danny Arroyo to second
|
Batting: LHB Mike Jones
|
0-0: Ball 1-0: Ball 2-0: Called Strike 2-1: Ball 3-1: Foul Ball, location: 2F 3-2: Base on Balls Danny Arroyo to third Gary Robertson to second
|
Batting: RHB Larry McNutt
|
0-0: Ball 1-0: SINGLE (Groundball, 34, EV 104.4 MPH) Danny Arroyo scores Gary Robertson to third Mike Jones to second Runner from 3rd tries for Home, SAFE, throw by RF to home
|
Batting: RHB Lorenzo Quintanilla
|
0-0: Foul Ball, location: 2F 0-1: Ball 1-1: Ball Mike Jones is caught stealing 3rd base 2-5 Larry McNutt to second 2-1: Foul Ball, location: 2F 2-2: Ball 3-2: Ground out 1-3 (Groundball, 34S, EV 68.8 MPH) Larry McNutt to third
|
Pinch Hitting: LHB Shanie Dugas
|
0-0: Ball 1-0: Ball 2-0: Fly out, F7 (Flyball, 78D, EV 79.4 MPH)
|
Top of the 7th over - 2 runs, 2 hits, 0 errors, 1 left on base; Cocoa 3 - Tampa 4 |
BOTTOM OF THE 7TH |
Tampa Pirates batting - Pitching for Cocoa Flyers : RHP Jose Ortiz
|
Now at C: Carlos Tirado
|
|
Batting: RHB Roy Dixon
|
0-0: Ball 1-0: Ground out U3 (Groundball, 34, EV 89.4 MPH)
|
Batting: LHB Charles Rouse
|
0-0: Called Strike 0-1: Ball 1-1: Ball 2-1: Ground out 4-3 (Groundball, 4M, EV 83.1 MPH)
|
Batting: RHB Erwin Bryant
|
0-0: Ball 1-0: Ball 2-0: Foul Ball, location: 2F 2-1: Ball 3-1: Fly out, F8 (Line Drive, 8RD, EV 89.4 MPH)
|
Bottom of the 7th over - 0 runs, 0 hits, 0 errors, 0 left on base; Cocoa 3 - Tampa 4 |
TOP OF THE 8TH |
Cocoa Flyers batting - Pitching for Tampa Pirates : RHP Derek Botelho
|
Pitching: RHP Brian McCaslin
|
|
Batting: RHB Jorge Diaz
|
0-0: Called Strike 0-1: Fly out, F3 (Popup, 3F, EV 60.0 MPH)
|
Batting: RHB Miguel Dominguez
|
0-0: Ball 1-0: Ball 2-0: Called Strike 2-1: Foul Ball, location: 2F 2-2: Ball 3-2: Base on Balls
|
Batting: LHB Clint Hurdle
|
0-0: Ball 1-0: Ball 2-0: Fly out, F8 (Flyball, 8RXD, EV 81.3 MPH)
|
Batting: RHB Danny Arroyo
|
0-0: Ball 1-0: Ball 2-0: Foul Ball, location: 2F 2-1: Fielders Choice at 2nd, 5-4 (Groundball, 5, EV 88.1 MPH)
|
Top of the 8th over - 0 runs, 0 hits, 0 errors, 1 left on base; Cocoa 3 - Tampa 4 |
BOTTOM OF THE 8TH |
Tampa Pirates batting - Pitching for Cocoa Flyers : RHP Jose Ortiz
|
Batting: RHB Ricky Jones
|
0-0: Ball 1-0: Fly out, F7 (Flyball, 7D, EV 86.9 MPH)
|
Batting: LHB Pedro Nunez
|
0-0: Ball 1-0: Called Strike 1-1: Ball 2-1: Ball 3-1: Base on Balls
|
Batting: LHB David Frederick
|
Pickoff Throw to First - Out! 1-3 0-0: Ground out 5-3 (Groundball, 15, EV 85.6 MPH)
|
Bottom of the 8th over - 0 runs, 0 hits, 0 errors, 0 left on base; Cocoa 3 - Tampa 4 |
TOP OF THE 9TH |
Cocoa Flyers batting - Pitching for Tampa Pirates : RHP Brian McCaslin
|
Pitching: LHP Christopher Lombardo
|
|
Batting: LHB Gary Robertson
|
0-0: Ball 1-0: Called Strike 1-1: Ball 2-1: Called Strike 2-2: Foul Ball, location: 2F 2-2: Foul Ball, location: 2F 2-2: Ground out 4-3 (Groundball, 4S, EV 88.1 MPH)
|
Batting: LHB Mike Jones
|
0-0: Ball 1-0: Swinging Strike 1-1: Called Strike 1-2: Fly out, F5 (Line Drive, 5, EV 64.4 MPH)
|
Batting: RHB Larry McNutt
|
0-0: Swinging Strike 0-1: Ball 1-1: Called Strike 1-2: Foul Ball, location: 2F 1-2: Fly out, F2 (Popup, 23F, EV 91.3 MPH)
|
Top of the 9th over - 0 runs, 0 hits, 0 errors, 0 left on base; Cocoa 3 - Tampa 4 |
|